 Dungeon Crawl Stone Soup version 0.15-a0-413-gc6111ba (webtiles) character file.

70 4tharraofdagon the Firebug (level 3, 0/18 HPs)
             Began as a Vine Stalker Wanderer on May 5, 2014.
             Slain by an ogre
             ... wielding a +0,+0 giant spiked club
              (18 damage)
             ... on Level 3 of the Dungeon.
             The game lasted 00:03:24 (349 turns).

4tharraofdagon the Firebug (Vine Stalker Wanderer)   Turns: 349, Time: 00:03:24

HP   0/18        AC  2     Str 12      XL: 3   Next: 93%
MP   0/4         EV 12     Int 11      God:
Gold 15          SH  0     Dex 17      Spells:  1 memorised,  1 level left

rFire  . . .     SeeInvis .     a - +2 crossbow
rCold  . . .     Clarity  .     b - +0 robe
rNeg   . . .     Conserve .     (no shield)
rPois  .         rCorr    .     (no helmet)
rElec  .         rRot     +     (no cloak)
SustAb . .       Spirit   +     (no gloves)
rMut   .         Warding  .     (no boots)
Saprov . . .     Stasis   .     (no amulet)
MR     .....                    (no ring)
                                (no ring)

@: not resistant to hostile enchantments, unstealthy
A: fangs 2, regeneration 1, magic shield, antimagic bite, no device heal
a: no special abilities


You were on level 3 of the Dungeon.
You were not hungry.

You visited 1 branch of the dungeon, and saw 3 of its levels.

You collected 15 gold pieces.

Inventory:

Hand weapons
 a - a +2,+2 crossbow (weapon)
 i - a +0 blowgun
Missiles
 c - 7 bolts (quivered)
 j - 5 poisoned needles
Armour
 b - a +0 robe (worn)
Comestibles
 d - 2 bread rations
 g - a meat ration
 h - a choko
 k - a beef jerky
Scrolls
 e - a scroll of noise {unknown}
 f - a scroll of magic mapping {unknown}
 l - a scroll of random uselessness {unknown}


   Skills:
 + Level 1.6 Fighting
 - Level 1.7 Crossbows
 - Level 1.0 Throwing
 + Level 1.2 Dodging
 - Level 1.2 Stealth
 * Level 2.2 Unarmed Combat
   Level 2.0 Transmutations
   Level 3.0 Fire Magic


You had one spell level left.
You knew the following spells:

 Your Spells              Type           Power        Failure   Level  Hunger
a - Sandblast             Erth           #.....       34%         1    ##.....


Dungeon Overview and Level Annotations

Branches:
Dungeon (3/15)

Altars:


Innate Abilities, Weirdness & Mutations

You are immune to rotting.
You have extremely sharp teeth.
Your natural rate of healing is unusually fast.
When hurt, damage is shared between your health and your magic reserves.
Your bite disrupts and absorbs the magic of your enemies.
Potions and wands cannot restore your HP.


Message History

Firing (i - inventory):
c - 10 bolts (quivered)
Press: ? - help, Shift-Dir - straight line, f - ogre
Aim: an ogre, wielding a giant spiked club You shoot a bolt.
The bolt hits the ogre.
The ogre is lightly wounded.
Firing (i - inventory):
c - 9 bolts (quivered)
Press: ? - help, Shift-Dir - straight line, f/p - ogre
Aim: an ogre, wielding a giant spiked club (lightly wounded)
You shoot a bolt. The bolt hits the ogre.
The ogre is lightly wounded.
The ogre closely misses you.
Firing (i - inventory):
c - 8 bolts (quivered)
Press: ? - help, Shift-Dir - straight line, f/p - ogre
Aim: an ogre, wielding a giant spiked club (lightly wounded)
You shoot a bolt. The bolt hits the ogre!
The ogre is heavily wounded.
The giant cockroach barely misses you.
The ogre hits you with a giant spiked club!
Ouch! That really hurt!
You die...

#......≈≈####≈≈......#
#......≈## ##§....§§#
#≈.....≈# #≈...§§##
##≈....≈# #≈.....§#
###≈.....§## #≈......#
.........§≈####§≈......#
###.......≈≈≈§§§......
#..§.§......§§....
##.§≈≈...@O(....≈≈
##§§§....s.([..≈.
##......l......
##......≈.§...
##....≈#≈...#
###########


You could see an ogre, a giant cockroach and a giant newt.

Vanquished Creatures
  3 gnolls (D:3)
  An adder (D:3)
  A giant gecko (D:3)
  2 bats
  2 goblins
  3 hobgoblins
  A giant cockroach (D:3)
  2 giant newts
  4 kobolds
  3 rats
22 creatures vanquished.

Notes
Turn   | Place    | Note
--------------------------------------------------------------
     0 | D:1      | 4tharraofdagon, the Vine Stalker Wanderer, began the quest for the Orb.
     0 | D:1      | Reached XP level 1. HP: 10/10 MP: 1/1
    92 | D:1      | Reached XP level 2. HP: 14/14 MP: 3/3
   196 | D:3      | Reached skill level 1 in Unarmed Combat
   211 | D:3      | Reached skill level 1 in Dodging
   289 | D:3      | Reached XP level 3. HP: 18/18 MP: 4/4
   345 | D:3      | Noticed an ogre
   349 | D:3      | Slain by an ogre

Action                   || total
-------------------------++-------
 Fire: Crossbow          ||    44

Vault maps used:
D:1:      lightli_arrival_lavapool
D:2:      grunt_decor_one_mirror
D:3:      kennysheep_decorative_pillar, kennysheep_generic_room_6
